Map: Blueshift LE

Players

Piroxiljin

  • Race: Terran Terran
  • Spawn Location: 1:00

VOD

Have the link to the VOD?

Description

Time

  • Played on: Jan. 22, 2019, 11:06 a.m.
  • Length: 30:21
Show
View Real Time Build Order
Export as new Build Order

Piroxiljin Terran 

Build Orders:  

Get SALT Encoding   

  12  0:06  SCV  
  13  0:24  SCV  
  14  0:31  Supply Depot  
  14  0:41  SCV  
  15  1:01  SCV  
  15  1:06  Barracks  
  16  1:20  Barracks  
  16  1:24  SCV  
  17  1:36  Refinery  
  17  1:46  SCV  
  18  2:11  Barracks  
  18  2:14  SCV  
  19  2:37  Supply Depot  
  19  2:51  Barracks Reactor  
  19  3:01  Orbital Command  
  19  3:16  Refinery  
  19  3:21  Barracks Tech Lab  
  19  3:30  Barracks  
  19  3:50  Marine x2  
  19  3:53  Concussive Shells  
  19  3:57  Marauder  
  23  4:03  SCV  
  24  4:16  Marine  
  25  4:20  SCV  
  26  4:37  SCV, Marauder  
  29  4:40  Barracks Tech Lab  
  29  4:55  Command Center, Marine x2  
  31  5:15  SCV  
  30  5:42  Supply Depot  
  30  5:59  SCV  
  31  6:12  Marauder x2  
  35  6:22  SCV  
  36  6:40  SCV  
  36  6:41  Supply Depot  
  36  6:42  Marauder, Marine x2  
  36  6:45  Unknown  
  41  7:05  Marauder  
  41  7:07  Marine x2  
  45  7:12  Supply Depot, Marauder  
  47  7:35  Marauder  
  49  7:43  Engineering Bay  
  49  7:53  Marauder  
  49  7:54  Marine x2  
  53  8:05  Marauder  
  55  8:12  Orbital Command  
  55  8:23  Marine x2  
  55  8:24  Marauder  
  55  8:27  SCV  
  60  8:35  Marauder  
  60  8:39  Terran Infantry Weapons Level 1  
  62  8:41  Supply Depot  
  62  8:43  Engineering Bay  
  45  9:12  Supply Depot  
  45  9:16  Marine x2  
  45  9:17  Marine  
  45  9:18  Marauder  
  44  9:29  Terran Infantry Armor Level 1, Factory  
  44  9:36  SCV  
  45  9:42  Marauder  
  45  9:43  Bunker  
  45  9:48  Marine  
  45  9:49  Marine  
  49  9:50  Marauder  
  49  9:53  SCV  
  49  9:58  SCV  
  53  10:12  Marauder  
  53  10:13  Supply Depot  
  53  10:18  SCV, Reaper  
  57  10:28  Refinery  
  57  10:39  SCV  
  58  10:40  Missile Turret  
  58  10:42  SCV  
  58  10:48  Factory Tech Lab  
  59  10:54  Starport  
  59  10:59  SCV  
  60  11:13  Marine x2  
  60  11:14  Marauder  
  60  11:15  Marine  
  65  11:26  Siege Tank  
  68  11:37  Stimpack, Marine  
  69  11:42  SCV  
  70  11:59  Bunker  
  70  12:12  Infernal Pre-Igniter  
  70  12:52  Structure Armor  
  70  12:56  Bunker  
  70  13:10  Siege Tank  
  47  14:10  Siege Tank, Marine x2  
  47  14:11  Marauder x2  
  47  14:14  Siege Tank  
  47  14:19  Medivac  
  58  14:29  Starport  
  58  14:38  Refinery  
  89  14:40  SCV  
  59  14:52  Command Center  
  59  14:56  SCV  
  60  15:01  Medivac  
  62  15:19  Bunker  
  62  15:26  Starport Tech Lab  
  62  15:46  Starport  
  62  16:01  Armory  
  62  16:02  Armory  
  62  16:06  Armory  
  62  16:22  Marine  
  62  16:23  Marauder x2, Marine  
  68  16:48  Siege Tank  
  74  17:03  SCV, Hi-Sec Auto Tracking  
  74  17:08  Cloaking Field  
  75  17:11  Siege Tank  
  75  17:12  Siege Tank  
  75  17:15  Marine  
  75  17:16  Marine  
  75  17:18  Marauder x2  
  81  17:20  SCV  
  81  17:24  SCV  
  83  17:33  Siege Tank  
  83  17:37  SCV x2  
  88  17:40  Marine  
  88  17:41  SCV, Marine  
  91  17:54  SCV x2, Unknown  
  93  18:11  SCV  
  93  18:18  Siege Tank  
  97  18:47  Siege Tank x3  
  97  18:53  Widow Mine  
  97  19:00  SCV  
  97  19:02  Factory  
  97  19:08  Refinery  
  100  19:11  Refinery  
  100  19:17  SCV  
  92  19:21  Supply Depot  
  92  19:23  Widow Mine  
  92  19:27  Supply Depot  
  92  19:29  Supply Depot  
  91  19:50  Marine x2  
  91  19:51  Marauder x2  
  91  19:57  Viking  
  99  20:03  Siege Tank  
  86  20:39  Viking  
  85  20:48  Siege Tank  
  88  21:21  Viking  
  90  21:30  Factory Reactor  
  90  21:53  Marauder x2  
  90  21:55  Siege Tank  
  97  22:03  Viking  
  99  22:40  Thor  
  99  22:45  Viking, Hellion x2  
  111  22:53  Terran Vehicle Weapons Level 1  
  111  22:55  Terran Vehicle And Ship Armor Level 1  
  111  23:06  Supply Depot  
  111  23:08  Supply Depot  
  111  23:09  Supply Depot  
  111  23:10  SCV  
  111  23:15  Hellion x2  
  116  23:27  SCV  
  117  23:35  Widow Mine x2  
  117  23:36  Command Center  
  103  23:40  Thor  
  103  23:41  Supply Depot  
  90  24:04  Marauder x2  
  94  24:10  Viking  
  94  24:17  Marine x2  
  98  24:27  Hellion  
  98  24:29  Hellion  
  98  24:34  Marauder, Marine  
  101  24:40  Cyclone  
  101  24:42  Marine x2  
  106  24:52  Viking  
  106  24:59  Marauder  
  110  25:07  Hellion x2  
  114  25:25  Cyclone  
  117  25:33  Terran Ship Weapons Level 1  
  117  25:37  Hellion x2  
  121  25:57  Drilling Claws  
  121  26:00  Raven  
  121  26:02  Starport Tech Lab  
  123  26:10  Cyclone  
  120  26:55  Cyclone  
  120  26:59  Raven  
  123  27:07  SCV x3  
  128  27:12  Marauder, Marine x2  
  132  27:23  Banshee  
  135  27:40  Cyclone  
  95  28:19  SCV  
  85  28:23  Banshee, Marine x2  
  85  28:24  Marauder x2  
  85  28:25  Cyclone  
  97  28:35  SCV  
  98  29:04  Marauder  
  98  29:05  Marauder  
  102  29:10  Cyclone  
Tags
 
Add a new tag
Caveats
  • Supply blocks, unpowered buildings, or Contaminate may cause inaccurate times.
  • Supply counts are checked every 10 seconds.